[Event "Early-Titled-Tuesday-Blitz-June-18-2024"]
[Site "Chess.com"]
[Date "2024.06.18"]
[Round "10"]
[White "myburger"]
[Black "ab-lsv"]
[Result "1-0"]
[WhiteElo "2516"]
[BlackElo "2341"]
[TimeControl "180+1"]
[EndTime "9:56:17 PDT"]
[Termination "myburger won on time"]

1. d4 d5 2. Nc3 Nf6 3. Bf4 c5 4.
e4 Nxe4 5. Nxe4 dxe4 6. dxc5 Nd7 7. Qd4 e5 8. Qxe4 Bxc5 9. O-O-O O-O 10. Bxe5 Bxf2 11.
Nh3 Bb6 12. Bc4 Qe7 13. Rhe1 Nxe5 14. Qxe5 Qxe5 15. Rxe5 Bxh3 16. gxh3 Rad8 17. Re7 g6 18. Rf1 Kg7 19. Rfxf7+ Rxf7 20. Rxf7+ Kh6 21. b4 Be3+ 22. Kb2 b5 23. Bd3 a6 24. a4 bxa4 25. Bxa6 Rb8 26. Ka3 1-0

[Event "Early-Titled-Tuesday-Blitz-June-18-2024"]
[Site "Chess.com"]
[Date "2024.06.18"]
[Round "10"]
[White "Adar_07"]
[Black "Bob_2004"]
[Result "1-0"]
[WhiteElo "2815"]
[BlackElo "2766"]
[TimeControl "180+1"]
[EndTime "9:56:19 PDT"]
[Termination "Adar_07 won by checkmate"]

1. e4 c5 2. Nf3 Nf6 3. e5 Nd5 4. Bc4 Nb6 5. Bxf7+ Kxf7 6. Ng5+ Kg8 7. d4 cxd4 8. a4 e6 9. a5 Nd5 10. c4 dxc3 11.
Nxc3 Bb4 12. Ra4 Nc6 13. O-O Bxc3 14. bxc3 h6 15. c4 Nde7 16. Ne4 Nxa5 17. Qg4 Kh7 18. Bxh6 Kxh6 19. Ra3 g6 20. Qf4+ Kg7 21. Qf6+ Kg8 22. Rf3 Rh7 23. Ng5 Rg7 24. Nf7 Qe8 25. Nh6+ Kh7 26. Rh3 Qf8 27. Nf7+ Kg8 28. Rh8# 1-0

[Event "Early-Titled-Tuesday-Blitz-June-18-2024"]
[Site "Chess.com"]
[Date "2024.06.18"]
[Round "10"]
[White "dropstoneDP"]
[Black "vladislavkovalev"]
[Result "1-0"]
[WhiteElo "2988"]
[BlackElo "2864"]
[TimeControl "180+1"]
[EndTime "9:56:21 PDT"]
[Termination "dropstoneDP won on time"]

1. e4 c5 2. Nf3 Nc6 3. Bb5 g6 4. O-O Bg7 5. Bxc6 dxc6 6. d3 Nf6 7.
Re1 Qc7 8. e5 Nd5 9. Nbd2 h6 10.
Ne4 b6 11. Nd6+ Kf8 12. Nxc8 Rxc8 13. c4 Nb4 14. a3 Na6 15. Qa4 Nb8 16. b4 Nd7 17.
Bf4 e6 18. h4 g5 19. hxg5 hxg5 20. Nxg5 Bxe5 21. Rxe5 Nxe5 22. g3 Rg8 23. Kg2 Rxg5 24. Bxg5 Nxd3 25. Bf6 Nf4+ 26. Kf3 Nh5 27. Bb2 Rd8 28.
Rh1 Rd3+ 29. Ke2 Nxg3+ 30. fxg3 1-0

[Event "Early-Titled-Tuesday-Blitz-June-18-2024"]
[Site "Chess.com"]
[Date "2024.06.18"]
[Round "10"]
[White "mortngabriel"]
[Black "Ati1517"]
[Result "1-0"]
[WhiteElo "2470"]
[BlackElo "2040"]
[TimeControl "180+1"]
[EndTime "9:56:23 PDT"]
[Termination "mortngabriel won by resignation"]

1. Nf3 Nf6 2. c4 g6 3. g3 Bg7 4. Bg2 O-O 5. O-O c6 6. b3 d6 7. d4 Nbd7 8. Bb2 b6 9. Nc3 Bb7 10. e4 c5 11. d5 e6 12. dxe6 fxe6 13. Qxd6 Nxe4 14. Qxe6+ Kh8 15. Nxe4 Bxb2 16. Rad1 Re8 17.
Qxd7 Qxd7 18. Rxd7 Bxe4 19. Ng5 Bxg2 20. Kxg2 Bd4 21.
Nf3 Rad8 22. Rxa7 Re2 23. Ra6 Rc2 24. Rxb6 Rxa2 25. Nxd4 cxd4 26. Rd1 d3 27. Rb5 Rf8 28. Rf1 Re2 29. Rd5 d2 30. b4 Rb8 31. b5 Rc8 32. Rd1 Rf8 33. Rf1 Rc8 34. c5 Rb8 35. c6 Rc8 36.
Rd1 Rf8 37. R5xd2 Rfxf2+ 38. Kh3 Rxh2+ 39. Kg4 h5+ 40. Kg5 Rxd2 41. Rxd2 Rxd2 42. c7 Rc2 43. b6 Kg7 44. b7 Rc5+ 45. Kf4 1-0

[Event "Early-Titled-Tuesday-Blitz-June-18-2024"]
[Site "Chess.com"]
[Date "2024.06.18"]
[Round "10"]
[White "temus_galaktionov"]
[Black "GeorgiosSouleidis"]
[Result "1-0"]
[WhiteElo "2859"]
[BlackElo "2706"]
[TimeControl "180+1"]
[EndTime "9:56:25 PDT"]
[Termination "temus_galaktionov won by resignation"]

1. d4 Nf6 2. c4 g6 3. Nf3 Bg7 4. Nc3 O-O 5. e4 d6 6. Be2 e5 7. O-O Bg4 8. Be3 Bxf3 9. Bxf3 exd4 10. Bxd4 Nc6 11. Be3 Re8 12. Re1 Nd7 13. Qd2 Bxc3 14. Qxc3 Qf6 15. Qd2 Nc5 16. Bg5 Qd4 17. Rad1 Qxd2 18.
Rxd2 Ne5 19. b3 Kg7 20. Re3 Nxf3+ 21. gxf3 Ne6 22. Bh4 a5 23. Bg3 Nc5 24. e5 dxe5 25.
Bxe5+ f6 26. Bxc7 Ne6 27. Rd7+ Kh6 28. Bb6 a4 29. b4 Rab8 30. Kf1 g5 31. Rd6 Nf4 32.
Rxf6+ Kg7 33. Rd6 h5 34. h4 gxh4 35. Rd7+ Kg6 36. Bc7 1-0

[Event "Early-Titled-Tuesday-Blitz-June-18-2024"]
[Site "Chess.com"]
[Date "2024.06.18"]
[Round "10"]
[White "ValentinDragnev"]
[Black "PeshkaCh"]
[Result "1-0"]
[WhiteElo "2721"]
[BlackElo "2841"]
[TimeControl "180+1"]
[EndTime "9:56:27 PDT"]
[Termination "ValentinDragnev won by checkmate"]

1. e4 e5 2. Nf3 Nc6 3. Bb5 a6 4. Ba4 Nge7 5. c3 Ng6 6. d4 exd4 7. Nxd4 Nxd4 8. cxd4 Be7 9. O-O O-O 10. Nc3 d6 11.
Re1 Kh8 12. Qh5 f5 13. Bc2 Bf6 14. exf5 Ne7 15. Bg5 Nxf5 16. Bxf6 Qxf6 17. Nd5 Qxd4 18. Re8 Bd7 19. Rxa8 Rxa8 20. Bxf5 Bxf5 21. Qxf5 Qxb2 22.
Re1 Qd2 23. Qe6 Rf8 24. f3 h6 25. Ne7 Kh7 26. Qe4+ Kh8 27. Ng6+ Kg8 28. Nxf8 Kxf8 29. Qe8# 1-0

[Event "Early-Titled-Tuesday-Blitz-June-18-2024"]
[Site "Chess.com"]
[Date "2024.06.18"]
[Round "10"]
[White "kingnb"]
[Black "AttilaTurzo"]
[Result "1-0"]
[WhiteElo "2699"]
[BlackElo "2467"]
[TimeControl "180+1"]
[EndTime "9:56:28 PDT"]
[Termination "kingnb won by resignation"]

1. d4 Nf6 2. Nf3 e6 3. Nbd2 d5 4. e3 c5 5. c3 Bd6 6. Bd3 O-O 7. O-O Nc6 8. Qe2 e5 9. dxc5 Bxc5 10. e4 d4 11. Nb3 Bb6 12. cxd4 Nxd4 13. Nbxd4 Bxd4 14. Nxd4 Qxd4 15. Be3 Qb4 16. Rac1 Qa4 17. Bc5 Rd8 18. Be7 Rd4 19. Bxf6 gxf6 20. Rxc8+ Rxc8 21. Qg4+ Kf8 22. Qxc8+ Kg7 23. Qg4+ Kf8 24. Bb1 Qc6 25.
h4 Rd2 26. b3 Qc3 27. h5 h6 28.
Qf3 Qxf3 29. gxf3 Ke7 30. Rc1 Kd7 31. Kf1 Rb2 32. Bd3 Rxa2 33. Bc4 Ke7 34. Bd5 b6 35. Rc7+ Kd6 36. Rxf7 a5 37. Rxf6+ Kc5 38. Rc6+ Kb5 39. Rxh6 Rd2 40. Re6 Kc5 41. h6 Rd1+ 42. Kg2 a4 43. bxa4 b5 44. h7 bxa4 45. h8=Q a3 46. Rc6+ Kd4 47. Qb8 a2 48. Qb2+ Kd3 49. Rc3+ 1-0

[Event "Early-Titled-Tuesday-Blitz-June-18-2024"]
[Site "Chess.com"]
[Date "2024.06.18"]
[Round "10"]
[White "jguerramzllo"]
[Black "sokidze"]
[Result "1-0"]
[WhiteElo "2687"]
[BlackElo "2773"]
[TimeControl "180+1"]
[EndTime "9:56:30 PDT"]
[Termination "jguerramzllo won by resignation"]

1. e4 e5 2. Nf3 Nf6 3. Nxe5 d6 4. Nf3 Nxe4 5. d3 Nf6 6. d4 d5 7. h3 Bd6 8. c4 O-O 9. Nc3 Re8+ 10. Be3 c6 11.
Be2 dxc4 12. Bxc4 Be6 13. Bxe6 Rxe6 14. O-O Na6 15. Qb3 Qd7 16. Rad1 Nc7 17. Ne5 Qe7 18.
Qxb7 Re8 19. Nxc6 Qd7 20. Nxa7 Ne4 21. Nxe4 Rxe4 22. Nc6 R4e6 23. Ne5 Qe7 24. Rc1 h5 25.
Nf3 Rg6 26. Kh1 Re6 27. Rc3 Qd8 28. Rfc1 R8e7 29. a4 f6 30. d5 Re4 31. Nd4 Rd7 32.
Qc6 Be5 33. Ne6 Nxe6 34. Qxe6+ Kh8 35. Rc8 1-0

[Event "Early-Titled-Tuesday-Blitz-June-18-2024"]
[Site "Chess.com"]
[Date "2024.06.18"]
[Round "10"]
[White "zverr1"]
[Black "WiktoriaPOL"]
[Result "1-0"]
[WhiteElo "2534"]
[BlackElo "2395"]
[TimeControl "180+1"]
[EndTime "9:56:30 PDT"]
[Termination "zverr1 won by resignation"]

1. d4 Nf6 2. c4 g6 3. Nc3 Bg7 4. e4 d6 5. Be2 O-O 6. h4 h5 7.
Bg5 Nh7 8. Be3 e5 9. dxe5 dxe5 10. Qxd8 Rxd8 11. Rd1 Rxd1+ 12. Bxd1 c6 13. Nf3 Be6 14. O-O Bxc4 15. Re1 Nd7 16. Bc2 b6 17. Rd1 Be6 18.
Rd6 Rc8 19. Ba4 b5 20. Bb3 Bxb3 21. Rxd7 Be6 22. Rxa7 Nf8 23. Ng5 b4 24. Na4 Bh6 25. Nc5 Bc4 26. b3 Bxg5 27. Bxg5 Bb5 28. Bf6 Rd8 29. Bxd8 1-0

[Event "Early-Titled-Tuesday-Blitz-June-18-2024"]
[Site "Chess.com"]
[Date "2024.06.18"]
[Round "10"]
[White "ulises2013"]
[Black "Rud_Makarian"]
[Result "0-1"]
[WhiteElo "2859"]
[BlackElo "3059"]
[TimeControl "180+1"]
[EndTime "9:56:32 PDT"]
[Termination "Rud_Makarian won by resignation"]

1. e4 c5 2. g3 d5 3. exd5 Qxd5 4.
Nf3 Nc6 5. Bg2 g6 6. Nc3 Qd8 7. d3 Bg7 8. Be3 Nd4 9. h3 Nf6 10. O-O O-O 11. Kh2 Re8 12. Ne4 Qc7 13. Nxd4 cxd4 14.
Bxd4 Nxe4 15. Bxg7 Nxg3 16. fxg3 Kxg7 17. d4 e5 18. dxe5 Qxe5 19. c3 Bf5 20. Qb3 Rad8 21. Rf2 Rd3 22. Qxb7 Rxg3 23. Kg1 Re7 24. Qb4 Bxh3 25. Qh4 Bxg2 26. Rxg2 Qe3+ 27. Kh2 Rxg2+ 28.
Kxg2 Re4 0-1

[Event "Early-Titled-Tuesday-Blitz-June-18-2024"]
[Site "Chess.com"]
[Date "2024.06.18"]
[Round "10"]
[White "elis06"]
[Black "WindWhistler11"]
[Result "1-0"]
[WhiteElo "2368"]
[BlackElo "2519"]
[TimeControl "180+1"]
[EndTime "9:56:32 PDT"]
[Termination "elis06 won by resignation"]

1. d4 Nf6 2. c4 e6 3. Nc3 c5 4. d5 exd5 5. cxd5 Bd6 6. Nf3 O-O 7. Bg5 Re8 8. e3 h6 9. Bh4 a6 10. Be2 b5 11. a3 Bf8 12. O-O d6 13. Rc1 Nbd7 14. Bd3 Qb6 15. e4 b4 16. Na4 Qa5 17. axb4 cxb4 18. b3 Ng4 19. Nb2 Nge5 20. Nxe5 Nxe5 21.
f4 Qb6+ 22. Bf2 Qd8 23. fxe5 Rxe5 24. Nc4 Rg5 25. Be3 Rg6 26. e5 f5 27. e6 Qf6 28.
Bxf5 Be7 29. Bd4 Qg5 30. Bxg6 Qxg6 31. Qf3 Bb7 32. Qf7+ Kh7 33. Qxg6+ Kxg6 34. Rf7 Bg5 35. Rxg7+ Kh5 36. Rxb7 Bxc1 37. e7 Bg5 38. Nxd6 Bxe7 39.
Rxe7 Rd8 40. Bc5 Rf8 41. h3 Rf4 42. Re5+ Kg6 43. Re6+ Kg7 44. Nc4 Rf5 45. Bd4+ Kf7 46. Nd6+ 1-0

[Event "Early-Titled-Tuesday-Blitz-June-18-2024"]
[Site "Chess.com"]
[Date "2024.06.18"]
[Round "10"]
[White "MaxLeto"]
[Black "Sofia_Blokhin"]
[Result "1-0"]
[WhiteElo "2441"]
[BlackElo "2299"]
[TimeControl "180+1"]
[EndTime "9:56:32 PDT"]
[Termination "MaxLeto won by checkmate"]

1. a3 d5 2. b3 e5 3. c3 f5 4. d3 Nf6 5. e3 Bd6 6. f3 c5 7. g3 O-O 8. h3 Nc6 9. Ne2 Qc7 10. Rg1 b6 11. Bb2 Re8 12. Nd2 Bb7 13. Qc2 Rad8 14. O-O-O b5 15. g4 fxg4 16. fxg4 b4 17.
axb4 cxb4 18. c4 dxc4 19. dxc4 a5 20. Ng3 a4 21. g5 Nd7 22. Bd3 Nf8 23. Nf5 axb3 24.
Nxb3 Na5 25. Nxa5 Qxa5 26. Nh6+ gxh6 27. gxh6+ Kh8 28. Rg7 Re7 29. Rdg1 Rxg7 30. hxg7+ Kg8 31. gxf8=Q+ Kxf8 32.
Bxh7 Ke7 33. Qf5 Rf8 34. Rg7+ Ke8 35. Bg6+ Kd8 36. Qd7# 1-0

[Event "Early-Titled-Tuesday-Blitz-June-18-2024"]
[Site "Chess.com"]
[Date "2024.06.18"]
[Round "10"]
[White "Navyblue1"]
[Black "Acva-Alenok"]
[Result "0-1"]
[WhiteElo "2183"]
[BlackElo "2388"]
[TimeControl "180+1"]
[EndTime "9:56:32 PDT"]
[Termination "Acva-Alenok won by resignation"]

1. d4 Nf6 2. c4 e6 3. Nf3 b6 4.
g3 Ba6 5. Qc2 Bb7 6. Bg2 c5 7.
e3 cxd4 8. exd4 Nc6 9. O-O Be7 10.
b3 O-O 11. Bb2 d5 12. Nbd2 Rc8 13. Qd3 Na5 14. Rac1 Ne4 15. Rfe1 Nxd2 16. Nxd2 dxc4 17. bxc4 Bxg2 18. Kxg2 Bb4 19. Bc3 Ba3 20. Rb1 Nxc4 21. Nxc4 Qd5+ 22. Qf3 Rxc4 23. Qxd5 exd5 24. Rb3 Bd6 25. Re3 h5 26. Rd3 Rfc8 27. a3 b5 28. Bd2 a6 29. Be3 Rc2 30. Rd2 Rxd2 31. Bxd2 Rc2 32. Bb4 Bxb4 33. Rxb4 Rc4 34. Kf1 Rxb4 35.
axb4 Kf8 36. Ke2 Ke7 37. Kf3 Kd6 38. Kf4 Kc6 39. Ke5 a5 40. bxa5 b4 41. Kf4 b3 42.
Ke3 b2 0-1

[Event "Early-Titled-Tuesday-Blitz-June-18-2024"]
[Site "Chess.com"]
[Date "2024.06.18"]
[Round "10"]
[White "IndianSchoolOfSuffering"]
[Black "micke12a"]
[Result "1/2-1/2"]
[WhiteElo "2507"]
[BlackElo "2390"]
[TimeControl "180+1"]
[EndTime "9:56:34 PDT"]
[Termination "Game drawn by repetition"]

1. e4 c5 2. Nf3 d6 3. Bb5+ Bd7 4. a4 Nf6 5. d3 g6 6. c3 Bg7 7. O-O O-O 8. h3 Nc6 9. Bf4 Rb8 10. Nbd2 a6 11. Bc4 b5 12. axb5 axb5 13. Bb3 e5 14. Bg5 h6 15. Be3 Nh5 16. Bd5 Kh7 17. Ra6 Rb6 18.
Rxb6 Qxb6 19. b4 Nf4 20. bxc5 dxc5 21. Nb3 Nxd5 22. exd5 Ne7 23. Bxc5 Qf6 24. Nfd2 Rc8 25. Ne4 Qh4 26. g3 Qxh3 27. Bxe7 Bg4 28. f3 Bf5 29. Qe1 Bxe4 30. fxe4 Rxc3 31. Nc5 Rc2 32. Rf2 Qxg3+ 33. Kf1 Qh3+ 34. Kg1 Qg3+ 35. Kf1 Qh3+ 36. Kg1 Qg3+ 1/2-1/2

[Event "Early-Titled-Tuesday-Blitz-June-18-2024"]
[Site "Chess.com"]
[Date "2024.06.18"]
[Round "10"]
[White "UF_10"]
[Black "Harry_Rakkel"]
[Result "0-1"]
[WhiteElo "2552"]
[BlackElo "2665"]
[TimeControl "180+1"]
[EndTime "9:56:37 PDT"]
[Termination "Harry_Rakkel won by resignation"]

1. d4 g6 2. Nf3 Bg7 3. Bf4 d6 4. Nbd2 Nd7 5. e4 e5 6. Be3 Ngf6 7. h3 exd4 8. Bxd4 O-O 9. Bd3 c5 10. Be3 d5 11. e5 Ne8 12. Bf4 Nc7 13. O-O Ne6 14. Bh2 c4 15. Be2 b5 16. Re1 Bb7 17.
c3 a5 18. Nd4 Qb6 19. N2f3 Bh6 20. Bf1 Ndc5 21. Bg3 Ne4 22. Bh2 Rae8 23. g3 f6 24.
exf6 Rxf6 25. Bg2 Ref8 26. Re2 N6c5 27. g4 Nd3 28. g5 Bxg5 29. Nxg5 Nxg5 30. Qd2 Ne4 31.
Bxe4 dxe4 32. Rf1 Qc5 33. Bg3 Qh5 34. Kh2 Bc8 35. Rxe4 Qxh3+ 36. Kg1 Bb7 37. Qe3 Nc5 38.
Re1 Bxe4 39. f3 Qxg3+ 0-1

[Event "Early-Titled-Tuesday-Blitz-June-18-2024"]
[Site "Chess.com"]
[Date "2024.06.18"]
[Round "10"]
[White "szefru"]
[Black "patzer-reloaded"]
[Result "1-0"]
[WhiteElo "2338"]
[BlackElo "2456"]
[TimeControl "180+1"]
[EndTime "9:56:37 PDT"]
[Termination "szefru won by resignation"]

1. e4 d6 2. d4 Nf6 3. Nc3 g6 4. f3 c6 5. Be3 Qc7 6. Qd2 Nbd7 7. Bh6 Bxh6 8. Qxh6 b5 9. h4 b4 10. Nce2 Nb6 11. Nf4 e5 12. dxe5 dxe5 13. Qg7 Rf8 14. Nxg6 hxg6 15. Qxf6 Be6 16. h5 gxh5 17. Rxh5 Rd8 18. Qxe5 Qd7 19. Bd3 f6 20. Qc5 Rg8 21.
O-O-O Rxg2 22. Rh8+ Kf7 23. Rxd8 Qxd8 24. Bf1 Qxd1+ 25. Kxd1 Rxg1 26. Qxg1 1-0

[Event "Early-Titled-Tuesday-Blitz-June-18-2024"]
[Site "Chess.com"]
[Date "2024.06.18"]
[Round "10"]
[White "HouseOfDurin"]
[Black "Supelyel"]
[Result "1-0"]
[WhiteElo "2309"]
[BlackElo "2409"]
[TimeControl "180+1"]
[EndTime "9:56:37 PDT"]
[Termination "HouseOfDurin won by resignation"]

1. d4 d6 2. Bg5 Nd7 3. e3 Ngf6 4. c4 e5 5. Nc3 Be7 6. dxe5 dxe5 7. Bxf6 Bxf6 8. Nf3 c6 9. Bd3 Qc7 10. Qc2 h6 11.
O-O-O a5 12. Ne4 Be7 13. c5 b6 14. Nd6+ Bxd6 15. cxd6 Qxd6 16. Be4 Qe6 17. Qxc6 O-O 18. Qxe6 fxe6 19. Bxa8 Nc5 20. Rd2 Bd7 21. Rxd7 Nxd7 22.
Be4 Nc5 23. Bc2 e4 24. Nd2 Rxf2 25. Nxe4 Rxc2+ 26. Kxc2 Nxe4 27. Rd1 Kf7 28. Rd7+ Kf6 29. Rb7 Nf2 30. Rxb6 Ng4 31. Kd3 Nxh2 32. Ra6 Ng4 33.
Rxa5 g5 34. b4 h5 35. Rc5 Nf2+ 36. Ke2 Ne4 37. Rc4 Nd6 38. Rc6 Nb5 39. a4 Na3 40. Rc3 Nb1 41. Rc1 Na3 42. Kd3 Ke5 43. Ra1 g4 44.
Rxa3 h4 45. a5 1-0

[Event "Early-Titled-Tuesday-Blitz-June-18-2024"]
[Site "Chess.com"]
[Date "2024.06.18"]
[Round "10"]
[White "Yaacovn"]
[Black "Likvidator228"]
[Result "0-1"]
[WhiteElo "2813"]
[BlackElo "2558"]
[TimeControl "180+1"]
[EndTime "9:56:41 PDT"]
[Termination "Likvidator228 won on time"]

1. d4 d5 2. e3 Nf6 3. Bd3 e6 4. Nd2 c5 5. c3 Nc6 6. f4 Qc7 7. Nh3 Be7 8. O-O b6 9. Qe2 Bb7 10. Nf2 g6 11. Nf3 h5 12. Ne5 Nxe5 13. fxe5 Ne4 14.
Nxe4 dxe4 15. Bb5+ Bc6 16. Bd2 O-O 17. Bxc6 Qxc6 18.
Rf2 f5 19. exf6 Rxf6 20. Rxf6 Bxf6 21. Rf1 Rf8 22. Be1 cxd4 23. exd4 e5 24. dxe5 Bxe5 25. Rxf8+ Kxf8 26. Bf2 Qd5 27. c4 Qd3 28. Qf1 Qxf1+ 29.
Kxf1 Bxb2 30. c5 b5 31. c6 Ke7 32. Bc5+ Ke6 33. Ke2 Bc1 34. Bxa7 Kd6 35. Be3 Bb2 36. Bf4+ Kxc6 37. Ke3 Kd5 38. Ke2 Be5 39. Bxe5 Kxe5 0-1

[Event "Early-Titled-Tuesday-Blitz-June-18-2024"]
[Site "Chess.com"]
[Date "2024.06.18"]
[Round "10"]
[White "ChEsper99"]
[Black "Viktor_Poddubnyi"]
[Result "0-1"]
[WhiteElo "2239"]
[BlackElo "2322"]
[TimeControl "180+1"]
[EndTime "9:56:42 PDT"]
[Termination "Viktor_Poddubnyi won on time"]

1. e4 g6 2. d4 Bg7 3. Nc3 d6 4. f4 Nf6 5. Nf3 O-O 6. Bd3 Nc6 7. Be3 e5 8. fxe5 dxe5 9. dxe5 Ng4 10. Bg1 Ncxe5 11.
Nxe5 Nxe5 12. Bf2 Bg4 13. Be2 Qg5 14. Qd2 Qxd2+ 15. Kxd2 Rad8+ 16. Ke1 Bxe2 17. Kxe2 Nc4 18. Rad1 Nxb2 19. Rxd8 Rxd8 20. Nd5 c6 21. Nf4 Nc4 22. Nd3 b6 23. a4 Ne5 24. h4 Nxd3 25. cxd3 Bd4 26.
a5 Bxf2 27. Kxf2 Rxd3 28. Rc1 Rd6 29. Rb1 c5 30. axb6 axb6 31. Rb5 Kf8 32. Ke3 Ke7 33. e5 Re6 34. Ke4 f6 35. Kd5 Rxe5+ 36. Kc6 Re6+ 37. Kb7 f5 0-1

[Event "Early-Titled-Tuesday-Blitz-June-18-2024"]
[Site "Chess.com"]
[Date "2024.06.18"]
[Round "10"]
[White "mfschulz"]
[Black "marszach123"]
[Result "1-0"]
[WhiteElo "2199"]
[BlackElo "1926"]
[TimeControl "180+1"]
[EndTime "9:56:42 PDT"]
[Termination "mfschulz won on time"]

1. e4 e6 2. Nf3 d5 3. e5 c5 4. b4 cxb4 5. d4 Nc6 6. a3 bxa3 7. c3 Qc7 8. Bd3 g6 9. O-O Bh6 10. Bxa3 Nge7 11. Bd6 Qd7 12. Na3 Nf5 13. Nb5 Nxd6 14. Nxd6+ Kf8 15. h3 f5 16. Nh2 Ke7 17. g4 Rg8 18. f4 Bf8 19. Kh1 Kd8 20. Nxc8 Rxc8 21. Qb3 Qc7 22. Rfb1 b6 23. Ba6 Na5 24. Qb5 Qxc3 25.
Bxc8 Qxc8 26. Rxa5 bxa5 27. Qxa5+ Qc7 28. Rb8+ Kd7 29.
Qb5+ Ke7 30. Rb7 Qxb7 31. Qxb7+ Ke8 32. Qxa7 Be7 33. Kg2 Kf7 34. Kf3 Rc8 35. Nf1 Rc3+ 36. Ne3 fxg4+ 37. hxg4 h5 38. gxh5 gxh5 39. f5 h4 40. f6 Kg6 41. Qxe7 Kg5 42. Qg7+ Kh5 43. f7 1-0

[Event "Early-Titled-Tuesday-Blitz-June-18-2024"]
[Site "Chess.com"]
[Date "2024.06.18"]
[Round "10"]
[White "Mikasinski"]
[Black "Barboval"]
[Result "1-0"]
[WhiteElo "2708"]
[BlackElo "2525"]
[TimeControl "180+1"]
[EndTime "9:56:44 PDT"]
[Termination "Mikasinski won on time"]

1. e4 Nf6 2. e5 Nd5 3. c4 Nb6 4. d4 d6 5. exd6 exd6 6. Bd3 Nc6 7.
Ne2 Bg4 8. d5 Ne5 9. b3 Nxd3+ 10. Qxd3 Be7 11. Bb2 O-O 12. Qg3 Bf6 13. Bxf6 Qxf6 14.
Qc3 Rfe8 15. f3 Qh4+ 16. Kf1 Bf5 17. Nd2 Nd7 18. Ng3 Bg6 19. Re1 Nc5 20. Re3 f5 21. Ne2 f4 22. Rxe8+ Rxe8 23. Ne4 Bxe4 24. fxe4 Nxe4 25.
Qd4 f3 26. gxf3 Qh3+ 27. Ke1 Qxf3 28. Rf1 Qg2 29. Rg1 1-0

[Event "Early-Titled-Tuesday-Blitz-June-18-2024"]
[Site "Chess.com"]
[Date "2024.06.18"]
[Round "10"]
[White "Muracle"]
[Black "TimurDushatov"]
[Result "1-0"]
[WhiteElo "2601"]
[BlackElo "2396"]
[TimeControl "180+1"]
[EndTime "9:56:45 PDT"]
[Termination "Muracle won on time"]

1. d4 Nf6 2. g3 e6 3. Bg2 d5 4. Nf3 Be7 5. O-O O-O 6. c4 Nbd7 7. Nc3 c6 8. Qb3 b6 9. Bf4 Ba6 10. cxd5 cxd5 11. Rfc1 Bc4 12. Qa4 a6 13. Qd1 a5 14.
Nd2 Ba6 15. e4 dxe4 16. Ndxe4 Nxe4 17. Nxe4 Ra7 18. d5 exd5 19. Qxd5 Bb7 20. Qf5 g6 21. Qb5 Qa8 22. Rc7 Bxe4 23. Rxa7 Qxa7 24. Bxe4 Nc5 25. Bg2 Rd8 26. Re1 Bd6 27. Bg5 1-0

[Event "Early-Titled-Tuesday-Blitz-June-18-2024"]
[Site "Chess.com"]
[Date "2024.06.18"]
[Round "10"]
[White "DarkAlekhine"]
[Black "Rsnr"]
[Result "0-1"]
[WhiteElo "2750"]
[BlackElo "2900"]
[TimeControl "180+1"]
[EndTime "9:56:46 PDT"]
[Termination "Rsnr won by resignation"]

1. e4 c6 2. d4 d5 3. exd5 cxd5 4.
Bd3 Nc6 5. c3 Qc7 6. Ne2 Bg4 7.
h3 Bxe2 8. Qxe2 Nxd4 9. Qd1 Nc6 10. O-O e6 11. Re1 Bd6 12. Nd2 Nge7 13. Nf3 h6 14. Be3 O-O 15. Qd2 Ng6 16. Bxg6 fxg6 17. Bxh6 gxh6 18. Rxe6 Kh7 19. Nh4 Ne7 20. Qd3 Rg8 21.
Rae1 Raf8 22. c4 Bc5 23. cxd5 Bxf2+ 24. Kh1 Bxh4 25. d6 Qd8 26. Qd4 Nf5 27. Qd5 Rg7 28. Rd1 Rd7 29. Qe4 Ng3+ 0-1

[Event "Early-Titled-Tuesday-Blitz-June-18-2024"]
[Site "Chess.com"]
[Date "2024.06.18"]
[Round "10"]
[White "Hudijegszid"]
[Black "Bkmzzzzz"]
[Result "1-0"]
[WhiteElo "2525"]
[BlackElo "2392"]
[TimeControl "180+1"]
[EndTime "9:56:46 PDT"]
[Termination "Hudijegszid won by resignation"]

1. e4 e6 2. d4 d5 3. Nd2 c5 4.
Ngf3 Nf6 5. exd5 Qxd5 6. Bc4 Qc6 7. O-O b5 8. Be2 Bb7 9. c4 bxc4 10. Nxc4 cxd4 11.
Na5 Qb6 12. Qa4+ Nbd7 13. Nxb7 Qxb7 14. Nxd4 Bc5 15. Bb5 Rd8 16. Nc6 Rc8 17. Ne5 Ke7 18.
Nxd7 Nxd7 19. Ba6 Qc6 20. Bb5 Qc7 21. Rd1 Nb6 22. Qb3 Rcd8 23. Bd2 f6 24. Ba5 Rxd1+ 25. Rxd1 Rd8 26. g3 Qe5 27. Rxd8 Kxd8 28. Qd3+ Qd4 29. Qxd4+ Bxd4 30. b3 Ke7 31. Kf1 Nd5 32. Bd2 Nc3 33.
Bc4 Nxa2 34. Ke2 Nc3+ 35. Kd3 Be5 36. Bxc3 Bxc3 37. Kxc3 1-0

[Event "Early-Titled-Tuesday-Blitz-June-18-2024"]
[Site "Chess.com"]
[Date "2024.06.18"]
[Round "10"]
[White "Kirill_Klukin"]
[Black "Individoom"]
[Result "0-1"]
[WhiteElo "2866"]
[BlackElo "2816"]
[TimeControl "180+1"]
[EndTime "9:56:47 PDT"]
[Termination "Individoom won by resignation"]

1. e4 c5 2. d4 cxd4 3. Qxd4 Nc6 4. Qd3 g6 5. Nc3 Bg7 6. Nf3 d6 7. Be2 Nf6 8. O-O O-O 9. Nd5 Bg4 10. c3 Rc8 11. Bg5 Nd7 12. Rad1 h6 13. Bf4 Nc5 14.
Qc2 Ne6 15. Be3 Re8 16. h3 Bxf3 17. Bxf3 Ncd4 18. Bxd4 Nxd4 19. Qd3 Nxf3+ 20. Qxf3 e6 21. Ne3 Qb6 22. Qe2 f5 23. exf5 gxf5 24. Rfe1 d5 25.
Qh5 Rf8 26. Re2 Rf6 27. Rde1 Kh7 28. Nc2 Rg6 29. Nd4 Bxd4 30. cxd4 Rcg8 31. Rxe6 Rxg2+ 32. Kh1 Qxe6 33. Qd1 Qg6 34. Re7+ Kh8 0-1

[Event "Early-Titled-Tuesday-Blitz-June-18-2024"]
[Site "Chess.com"]
[Date "2024.06.18"]
[Round "10"]
[White "AndrewMaco"]
[Black "KNVB"]
[Result "1-0"]
[WhiteElo "2714"]
[BlackElo "2817"]
[TimeControl "180+1"]
[EndTime "9:56:48 PDT"]
[Termination "AndrewMaco won by resignation"]

1. e4 e5 2. Nf3 Nc6 3. Bb5 Qf6 4. Nc3 Bd6 5. O-O Nge7 6. d3 Nd4 7. Nxd4 exd4 8. Nd5 Nxd5 9. exd5 O-O 10. Bc4 b5 11. Bxb5 Qe5 12. f4 Qxd5 13. Bc4 Qc6 14. Qf3 Bb7 15.
Qxc6 Bxc6 16. Bd2 Rfe8 17. Kf2 Kf8 18. Rfe1 Rxe1 19. Rxe1 f5 20. b4 Re8 21. Rxe8+ Kxe8 22. b5 Bb7 23. a4 Bc5 24. h3 g6 25. g4 d5 26. Bb3 fxg4 27. hxg4 Ke7 28. Ba5 Kd6 29.
Bd2 Bc8 30. Kg3 Be6 31. Kh4 h6 32. f5 gxf5 33. gxf5 Bxf5 34. Bxh6 c6 35. Bf8+ Kc7 36. Bxc5 cxb5 37. axb5 Kb8 38. Bxd4 Bd7 39. Bxd5 Bxb5 40. Bb3 Kc7 41. Kg5 a5 42. c4 a4 43. cxb5 axb3 44. Kf5 Kd6 45. Ke4 Ke6 46. Bc3 Kd6 47. d4 Ke6 48.
d5+ Kd7 49. Kd4 b2 50. Bxb2 1-0

[Event "Early-Titled-Tuesday-Blitz-June-18-2024"]
[Site "Chess.com"]
[Date "2024.06.18"]
[Round "10"]
[White "Meri-Arabidze"]
[Black "Orest_Vovk"]
[Result "1/2-1/2"]
[WhiteElo "2660"]
[BlackElo "2561"]
[TimeControl "180+1"]
[EndTime "9:56:48 PDT"]
[Termination "Game drawn by repetition"]

1. Nf3 h6 2. g3 g5 3. Bg2 g4 4. Nh4 e6 5. e4 h5 6. h3 Nh6 7. hxg4 hxg4 8. d4 Nc6 9. c3 d6 10. Be3 e5 11. Na3 Bg7 12. Qd2 exd4 13. cxd4 Qe7 14. O-O-O Bd7 15. Kb1 O-O-O 16. Rc1 Kb8 17.
d5 Ne5 18. Bxa7+ Kxa7 19. Qa5+ Kb8 20. Qxc7+ Ka7 21. Nb5+ Bxb5 22. Qxe7 Bd3+ 23. Ka1 Nc4 24. Rxc4 Bxc4 25. Rc1 Ba6 26. Bf1 Rc8 27. Rd1 Rc2 28. Bxa6 Rxb2 29. a4 Rxf2+ 30. Kb1 Rb2+ 31. Ka1 Rf2+ 32.
Kb1 Rb2+ 33. Ka1 Rf2+ 1/2-1/2